 Dungeon Crawl Stone Soup version 0.26-a0-1107-g6118521029 (webtiles) character file.

Game seed: 17991875028275556844

71 stormannn the Skirmisher (level 4, -2/40 HPs)
             Began as a Ghoul Fighter on Dec 16, 2020.
             Slain by a quokka (4 damage)
             ... on level 2 of the Dungeon.
             The game lasted 00:00:49 (972 turns).

stormannn the Skirmisher (Ghoul Fighter)             Turns: 972, Time: 00:00:49

Health: -2/40      AC:  6    Str: 20    XL:     4   Next: 24%
Magic:  3/3        EV:  7    Int:  3    God:
Gold:   49         SH:  8    Dex:  8    Spells: 3/3 levels left

rFire    . . .     SeeInvis .   a - +0 war axe
rCold    + . .     Faith    .   c - +0 kite shield
rNeg     + + +     Spirit   .   b - +0 scale mail
rPois    ∞         Reflect  .   (no helmet)
rElec    .         Harm     .   (no cloak)
rCorr    .         Rampage  .   (no gloves)
Will     .....                  (no boots)
Stlth    ..........             (no amulet)
HPRegen  0.00/turn              (no ring)
MPRegen  0.08/turn              (no ring)

@: no status effects
A: claws 1, cold resistance 1, negative energy resistance 3, inhibited
regeneration, torment resistance, unbreathing
a: no special abilities


You were on level 2 of the Dungeon.
You visited 1 branch of the dungeon, and saw 2 of its levels.

You collected 49 gold pieces.

Inventory:

Hand Weapons
 a - a +0 war axe (weapon)
Armour
 b - a +0 scale mail (worn)
 c - a +0 kite shield (worn)
Jewellery
 g - a cursed ring of attention {unknown}
 m - an uncursed ring of protection from cold {unknown}
Scrolls
 h - a scroll of immolation {unknown}
 i - 3 scrolls of identify {unknown}
 j - 3 scrolls of remove curse {unknown}
 k - 2 scrolls of fog {unknown}
 n - a scroll of enchant weapon {unknown}
Potions
 d - a potion of might
 e - a potion of haste {unknown}
 f - 2 potions of curing {unknown}
 l - a potion of heal wounds {unknown}
 o - a potion of flight {unknown}


   Skills:
 + Level 3.8 Fighting
 * Level 2.8 Axes
 + Level 3.1 Armour
 + Level 3.1 Shields


You had 3 spell levels left.
You didn't know any spells.
Your spell library was empty.

Dungeon Overview and Level Annotations

Branches:
Dungeon (2/15)

Altars:
Nemelex Xobeh

Annotations:
D:2 1 transporter


Innate Abilities, Weirdness & Mutations

You thrive by killing the living.
You are immune to poison.
You have sharp fingernails.
Your flesh is cold resistant. (rC+)
You are immune to negative energy. (rN+++)
You do not regenerate when monsters are visible.
You are immune to unholy pain and torment.
You can survive without breathing.


Message History

You closely miss the jackal. You block the jackal's attack. x2
You hit the jackal.
You kill the jackal!
You feel better. The quokka barely misses you.
You closely miss the quokka. The quokka barely misses you.
The quokka bites you.
* * * LOW HITPOINT WARNING * * *
You barely miss the quokka. You block the quokka's attack.
The quokka barely misses you.
You closely miss the quokka. You block the quokka's attack.
You hit the quokka but do no damage. The quokka bites you.
* * * LOW HITPOINT WARNING * * *
The quokka barely misses you.
You completely miss the quokka.
The quokka bites you but does no damage.
The quokka bites you.
* * * LOW HITPOINT WARNING * * *
Your shield prevents you from hitting the quokka.
The quokka bites you.
You die...

.# .# ##.##### .. #......
.. .. .....### #.# #.
#...... #### ##.#
#.###l.#.#### ...
......##..@rh).(.?..
##### ..##.##..##()#.###
..(.# ......#<.##(.#....
###.####.##.....†.r.....#
#.........##.##.###.###.#
#.#.####..##(##.# .#
#.#.# #..##.##.###.#
#.#.# #............#
#.#.# ##.##.##........


You could see a quokka, a jackal and a frilled lizard.

Vanquished Creatures
  A hound (D:2)
  An adder (D:2)
  A leopard gecko (D:2)
  3 bats
  4 giant cockroaches
  4 hobgoblins (D:2)
  2 jackals (D:2)
  3 frilled lizards
  4 goblins
  4 kobolds
  2 rats (D:1)
29 creatures vanquished.

Notes
Turn   | Place    | Note
-------+----------+-------------------------------------------
     0 | D:1      | stormannn the Ghoul Fighter began the quest for the Orb.
     0 | D:1      | Reached XP level 1. HP: 19/19 MP: 0/0
   327 | D:1      | Reached XP level 2. HP: 25/26 MP: 1/1
   665 | D:1      | You fall into a shaft and drop 1 floor!
   852 | D:2      | Found a sparkling altar of Nemelex Xobeh.
   852 | D:2      | Found a transporter.
   852 | D:2      | Noticed an ice beast
   862 | D:2      | Reached XP level 3. HP: 31/31 MP: 2/2
   965 | D:2      | Reached XP level 4. HP: 11/40 MP: 3/3
   971 | D:2      | HP: 2/40 [quokka (4)]
   972 | D:2      | Slain by a quokka

Illustrated notes

Levels and vault maps discovered:
D:1:      lightli_arrival_chessboard, layout_loops_corners, minivault_11,
          chequers_serial_rivers_micro_d
D:2:      layout_loops_ring, grunt_nemelex_the_gamble

Skill      XL: |  1  2  3 |
---------------+----------+-----
Axes           | 2 |  2.8
Armour         | 3 |  3.1
Shields        | 3 |  3.1
Fighting       | |  3.8

Action                   |  1- 3 |  4- 6 || total
-------------------------+-------+-------++-------
Melee: War axe           |    75 |     8 ||    83
Armor: Scale mail        |    42 |     1 ||    43
Dodge: Dodged            |    28 |     4 ||    32
Block: Kite shield       |    47 |     4 ||    51

Table legend: (Time is in decaauts)
 A = Elapsed time spent in this place.
 B = Non-inter-level travel time spent in this place.
 C = Inter-level travel time spent in this place.
 D = Time resting spent in this place.
 E = Time spent auto-exploring this place.
 F = Levels seen in this place.
 G = Mean time per level.
                   A        B        C        D        E       F      G
               +--------+--------+--------+--------+--------+-----+--------+
         Total |   1011 |   1011 |      0 |      0 |    815 |   2 |  505.5 |
       Dungeon |   1011 |   1011 |      0 |      0 |    815 |   2 |  505.5 |
               +--------+--------+--------+--------+--------+-----+--------+

Top non-repeatable levels by time:
     D:1: 676 daAuts
     D:2: 335 daAuts
